 Dungeon Crawl Stone Soup version 0.29-a0-371-g91724d5b39 (webtiles) character file.

Game seed: 13949120050305447800

1320 rabbitsville the Fighter (level 8, 0/156 HPs)
             Began as an Ogre Berserker on May 2, 2022.
             Was an Elder of Trog.
             Slain by a hound (5 damage)
             ... on level 5 of the Dungeon.
             The game lasted 00:13:55 (6857 turns).

rabbitsville the Fighter (Ogre Berserker)           Turns: 6857, Time: 00:13:55

Health: 0/156      AC:  3    Str: 24    XL:     8   Next: 59%
Magic:  8/8        EV:  9    Int:  8    God:    Trog [****..]
Gold:   52         SH:  0    Dex:  6    Spells: 7/7 levels left

rFire   + . .      SeeInvis .   a - +0 giant spiked club
rCold   . . .      Faith    .   (shield currently unavailable)
rNeg    . . .      Spirit   .   b - +0 animal skin
rPois   .          Reflect  .   (helmet restricted)
rElec   .          Harm     .   (no cloak)
rCorr   .          Rampage  .   (gloves unavailable)
Will    ++...                   (boots unavailable)
Stlth   ..........              (no amulet)
HPRegen 1.36/turn               (no ring)
MPRegen 0.11/turn               (no ring)

@: berserking (expiring), strong-willed (expiring), regenerating (expiring),
very quick
A: large, unfitting armour, tough skin 1, antennae 1, clumsy 1, fire resistance
1
a: Renounce Religion, Berserk, Trog's Hand, Brothers in Arms


You were on level 5 of the Dungeon.
You worshipped Trog.
Trog was greatly pleased with you.
You visited 1 branch of the dungeon, and saw 5 of its levels.
You also visited: Ossuary.

You collected 52 gold pieces.

Inventory:

Hand Weapons
 a - a +0 giant spiked club (weapon)
Armour
 b - a +0 animal skin (worn)
Scrolls
 d - 2 scrolls of noise {unknown}
 f - 2 scrolls of fog {unknown}
 h - 2 scrolls of fear {unknown}
 i - 4 scrolls of identify {unknown}
 j - 5 scrolls of teleportation {unknown}
 l - 2 scrolls of silence {unknown}
 p - 3 scrolls of amnesia {unknown}
 q - a scroll of blinking {unknown}
 t - a scroll of acquirement {unknown}
 v - a scroll of enchant armour {unknown}
 w - a scroll of magic mapping {unknown}
Potions
 c - a potion of curing
 e - 2 potions of lignification {unknown}
 g - 2 potions of mutation
 k - 3 potions of flight {unknown}
 m - a potion of haste {unknown}
 n - 4 potions of attraction {unknown}
 o - a potion of ambrosia {unknown}
 r - 3 potions of degeneration {unknown}
 u - a potion of berserk rage {unknown}
 x - a potion of cancellation {unknown}


   Skills:
 * Level 13.6 Fighting
 - Level 2.6 Maces & Flails
 - Level 2.6 Dodging


You had 7 spell levels left.
You didn't know any spells.
Your spell library was empty.

Dungeon Overview and Level Annotations

Branches:
Dungeon (5/15)            Ossuary (visited)
 Temple: D:4-7

Altars:
Hepliaklqana

Shops:
D:4 *


Innate Abilities, Weirdness & Mutations

You are too large for most types of armour.
You have tough skin. (AC +1)
You have a pair of small antennae on your head.
You are clumsy. (Dex -2)
Your flesh is heat resistant. (rF+)


Message History

* * * LOW HITPOINT WARNING * * *
You feel better. The hound barely misses you. The orc hits you with a +0 club.
* * * LOW HITPOINT WARNING * * *
The orc barely misses you.
Your skin crawls.
You feel strong-willed. The hound bites you.
* * * LOW HITPOINT WARNING * * *
The orc hits you with a +0 club.
* * * LOW HITPOINT WARNING * * *
The orc completely misses you. The hound barely misses you.
Unknown command.
The orc attacks as you move away! The orc closely misses you.
There is a stone staircase leading up here.
A red film seems to cover your vision as you go berserk!
You feel yourself moving faster!
You feel mighty! The hound bites you.
* * * LOW HITPOINT WARNING * * *
The orc hits you with a +0 club.
* * * LOW HITPOINT WARNING * * *
The hound bites you.
* * * LOW HITPOINT WARNING * * *
You barely miss the hound. The hound bites you.
* * * LOW HITPOINT WARNING * * *
The orc barely misses you. The orc hits you with a +0 club.
* * * LOW HITPOINT WARNING * * *
You closely miss the hound. The hound barely misses you.
The orc closely misses you. The orc hits you but does no damage.
The hound barely misses you.
You closely miss the hound.
You feel the effects of Trog's Hand fading.
The hound bites you.
* * * LOW HITPOINT WARNING * * *
The orc hits you with a +0 club.
* * * LOW HITPOINT WARNING * * *
The orc hits you with a +0 club.
* * * LOW HITPOINT WARNING * * *
The hound closely misses you.
You are too berserk!
The orc hits you but does no damage. x2; The hound bites you.
You die...

#####
#.o@#
#.oh#
#..o#
#..)#
#..[#
##.##
#. #)
#.


You could see a hound, an orc wizard and 2 orcs.

Vanquished Creatures
  Edmund (D:4)
  Menkaure (D:4)
  An acid dragon (D:4)
  A sky beast (D:3)
  2 ogres (D:4)
  An elf zombie (Ossuary)
  A kobold brigand (D:4)
  A scorpion (D:4)
  4 centaur zombies (Ossuary)
  2 hounds (D:4)
  An iguana (D:4)
  Natasha (thrice) (D:4)
  2 orc wizards
  2 hound zombies (Ossuary)
  3 mummies (Ossuary)
  2 adders
  2 adder zombies (Ossuary)
  2 dart slugs
  2 orcs (D:4)
  8 ball pythons
  6 bats
  8 endoplasms
  9 giant cockroaches
  2 gnoll zombies (Ossuary)
  9 goblins
  10 hobgoblins
  3 quokkas
  5 frilled lizards
  2 goblin zombies (Ossuary)
  2 hobgoblin zombies (Ossuary)
  7 jackal zombies (Ossuary)
  6 kobolds
  A kobold zombie (Ossuary)
  2 orc zombies (Ossuary)
  5 quokka zombies (Ossuary)
  3 rats
  3 rat zombies (Ossuary)
125 creatures vanquished.

Notes
Turn   | Place    | Note
-------+----------+-------------------------------------------
     0 | D:1      | rabbitsville the Ogre Berserker began the quest for the
                  | Orb.
     0 | D:1      | Reached XP level 1. HP: 24/24 MP: 1/1
   272 | D:1      | Reached XP level 2. HP: 26/33 MP: 2/2
   383 | D:1      | Reached skill level 5 in Fighting
   527 | D:1      | Reached ** piety under Trog
   728 | D:1      | Reached XP level 3. HP: 36/42 MP: 3/3
  1484 | D:2      | You fall into a shaft and drop 1 floor!
  1541 | D:3      | Reached skill level 6 in Fighting
  1543 | D:3      | Noticed a sky beast
  1574 | D:3      | Killed a sky beast
  1575 | D:3      | Reached skill level 7 in Fighting
  1575 | D:3      | Reached XP level 4. HP: 13/55 MP: 4/4
  1575 | D:3      | Reached XP level 5. HP: 15/62 MP: 5/5
  2780 | D:3      | Reached skill level 8 in Fighting
  3047 | D:4      | Found Siopna's Elemental Accessories.
  3085 | D:4      | Noticed Natasha
  3097 | D:4      | Killed Natasha
  3111 | D:4      | Noticed Natasha
  3122 | D:4      | Killed Natasha
  3123 | D:4      | Reached XP level 6. HP: 40/74 MP: 6/6
  3144 | D:4      | Found a sand-covered staircase.
  3216 | D:4      | Noticed Natasha
  3226 | D:4      | Killed Natasha
  3226 | D:4      | Reached *** piety under Trog
  3227 | D:4      | Reached skill level 9 in Fighting
  3235 | Ossuary  | Entered an ossuary
  3876 | Ossuary  | Reached skill level 10 in Fighting
  3993 | Ossuary  | Reached XP level 7. HP: 31/85 MP: 7/7
  4772 | D:4      | Reached **** piety under Trog
  4885 | D:4      | Reached skill level 11 in Fighting
  4946 | D:4      | Noticed Edmund
  4956 | D:4      | Killed Edmund
  5045 | D:4      | Reached skill level 12 in Fighting
  5045 | D:4      | Reached XP level 8. HP: 19/98 MP: 8/8
  6038 | D:4      | Noticed Menkaure
  6050 | D:4      | Killed Menkaure
  6051 | D:4      | Reached skill level 13 in Fighting
  6493 | D:4      | Found a hazy altar of Hepliaklqana.
  6837 | D:5      | Entered Level 5 of the Dungeon
  6848 | D:5      | Gained mutation: You are clumsy. (Dex -2) [potion of
                  | mutation]
  6848 | D:5      | Gained mutation: Your flesh is heat resistant. (rF+)
                  | [potion of mutation]
  6848 | D:5      | Gained mutation: You have a pair of small antennae on your
                  | head. [potion of mutation]
  6856 | D:5      | HP: 7/156 [orc/+0 club (2)]
  6857 | D:5      | Slain by a hound

Illustrated notes

Levels and vault maps discovered:
D:1:      erik_arrival_orb_chamber, layout_basic, minmay_worlds_worst_comb
D:2:      layout_basic, kennysheep_generic_room_5
D:3:      layout_basic
D:4:      layout_loops_cross, nicolae_hepliaklqana_hippocampus,
          lightli_ossuary_entry_decrepit_ruins, nicolae_elemental_shop,
          uniq_menkaure, uniq_edmund, uniq_natasha
D:5:      minmay_recursive_quarters, layout_rooms, pf_guarded_unrand_meek

Skill      XL: |  1  2  3  4  5  6  7  8 |
---------------+-------------------------+-----
Fighting       | 5 7 8 10 12 13 | 13.6
Maces & Flails | |  2.6
Dodging        | |  2.6

Action                   |  1- 3 |  4- 6 |  7- 9 || total
-------------------------+-------+-------+-------++-------
Melee: Mace              |   130 |    59 |       ||   189
       Punch             |     2 |     3 |     1 ||     6
       Scimitar          |       |   126 |    78 ||   204
       Flail             |       |       |    10 ||    10
       Giant spiked club |       |       |    29 ||    29
       Giant club        |       |       |    18 ||    18
Invok: Berserk           |       |       |     2 ||     2
       Trog's Hand       |       |       |     1 ||     1
  Use: Potion            |       |       |     2 ||     2
 Stab: Sleeping          |     1 |       |     1 ||     2
Armor: Animal skin       |    63 |    89 |    52 ||   204
Dodge: Dodged            |    99 |   152 |    99 ||   350

Table legend: (Time is in decaauts)
 A = Elapsed time spent in this place.
 B = Non-inter-level travel time spent in this place.
 C = Inter-level travel time spent in this place.
 D = Time resting spent in this place.
 E = Time spent auto-exploring this place.
 F = Levels seen in this place.
 G = Mean time per level.
                   A        B        C        D        E       F      G
               +--------+--------+--------+--------+--------+-----+--------+
         Total |   7044 |   6779 |    265 |   1128 |   4128 |   6 | 1174.0 |
       Dungeon |   5450 |   5185 |    265 |     86 |   4021 |   5 | 1090.0 |
       Ossuary |   1593 |   1593 |      0 |   1042 |    107 |   1 | 1593.0 |
               +--------+--------+--------+--------+--------+-----+--------+

Top non-repeatable levels by time:
     D:4: 2148 daAuts
 Ossuary: 1593 daAuts
     D:2: 1427 daAuts
     D:3: 964 daAuts
     D:1: 884 daAuts
     D:5: 25 daAuts
